AoeStats
← yoshiquecomiste

Black Forest

507564075Analyzed
3v3 RM · 15d ago on Sep 18, 2026· 53m 25s· 6 players
Game mode
Random Map
Map size
Normal (6 player)
Population
200
Speed
Normal
Resources
Standard
Victory
Conquest
Starting age
Dark Age
Ending age
Imperial Age
RankedLock teamsTeams togetherTeam positionsShared explorationLock speedFull tech treeHidden civsTurbo modeCheats
Victory
Defeat
🇮🇹 Vietnamese · Italy
625
+17
🇺🇸 Spanish · United States
563
+20
🇮🇹 Japanese · Italy
552
+20
🇺🇸 Burgundians · United States
683
-20
🇨🇭 Bohemians · Switzerland
664
-20
🇨🇱 Portuguese · Chile
595
-17
limetree1978
13:09 Feudal Age
15:05 Double-Bit Axe
15:03 Horse Collar
22:45 Castle Age
21:48 Gold Mining
24:33 Stone Mining
24:54 Heavy Plow
25:13 Bow Saw
26:24 Stone Shaft Mining
31:30 Wheelbarrow
33:28 Imperial Age
32:12 Fervor
32:07 Padded Archer Armor
31:59 Town Watch
32:55 Scale Mail Armor
32:48 Loom
32:34 Pikeman
33:54 Hand Cart
34:19 Squires
36:36 Chemistry
36:36 Leather Archer Armor
36:12 Fletching
37:06 Hoardings
37:00 Arrowslits
37:41 Inquisition
39:04 Husbandry
40:01 Conscription
40:06 Ballistics
39:48 Arson
40:09 Man-at-Arms
41:27 Fortified Wall
41:29 Halberdier
43:06 Scale Barding Armor
43:11 Forging
44:22 Two-Man Saw
43:56 Coinage
43:17 Long Swordsman
45:25 Chain Barding Armor
45:21 Chain Mail Armor
45:30 Capped Ram
46:25 Masonry
47:37 Cavalier
metalmax
0:48 Loom
15:48 Feudal Age
22:15 Castle Age
21:15 Horse Collar
21:58 Double-Bit Axe
24:01 Wheelbarrow
26:53 Heavy Plow
28:53 Bow Saw
29:38 Gold Mining
31:01 Hand Cart
33:34 Gold Shaft Mining
36:59 Imperial Age
35:15 Caravan
38:00 Forging
37:50 Scale Mail Armor
37:41 Fletching
37:52 Padded Archer Armor
38:16 Conscription
37:20 Elite Samurai
38:45 Stone Mining
38:59 Squires
38:47 Gambesons
38:48 Arson
38:24 Pikeman
39:31 Kataparuto
39:56 Iron Casting
39:36 Chain Mail Armor
40:39 Bodkin Arrow
40:16 Capped Ram
40:53 Town Watch
43:23 Blast Furnace
42:41 Leather Archer Armor
43:31 Plate Mail Armor
44:22 Two-Man Saw
47:31 Chemistry
46:52 Ballistics
46:13 Treadmill Crane
46:39 Siege Engineers
46:44 Fortified Wall
46:46 Masonry
46:32 Murder Holes
46:18 Elite Skirmisher
47:04 Thumb Ring
Gelor91
0:58 Loom
14:24 Feudal Age
14:57 Double-Bit Axe
14:55 Horse Collar
19:33 Gold Mining
22:53 Castle Age
21:45 Fletching
24:11 Thumb Ring
23:28 Crossbowman
24:48 Bow Saw
25:50 Bodkin Arrow
26:13 Heavy Plow
26:06 Stone Mining
26:20 Padded Archer Armor
28:25 Guard Tower
28:16 Treadmill Crane
29:26 Stone Shaft Mining
30:35 Leather Archer Armor
33:58 Imperial Age
32:03 Husbandry
32:15 Bloodlines
32:56 Arson
33:22 Chatras
36:21 Elite Rattan Archer
37:26 Murder Holes
38:33 Chemistry
38:43 Leather Archer Armor
39:44 Paper Money
39:43 Cavalier
42:40 Bracer
43:40 Wheelbarrow
43:16 Siege Engineers
43:32 Ballistics
42:58 Arrowslits
46:54 Scale Barding Armor
47:01 Forging
47:22 Ring Archer Armor
47:02 Caravan
48:10 Two-Man Saw
49:58 Chain Barding Armor
50:14 Iron Casting
51:15 Plate Barding Armor
51:27 Keep
52:26 Elite Battle Elephant
JTrainGotYou
1:19 Loom
6:24 Double-Bit Axe
12:19 Horse Collar
14:53 Feudal Age
15:52 Wheelbarrow
16:18 Bow Saw
16:11 Heavy Plow
16:45 Gold Mining
19:34 Gold Shaft Mining
24:27 Castle Age
24:50 Stone Mining
25:39 Caravan
yoshiquecomiste
20:39 Feudal Age
22:36 Wheelbarrow
31:38 Castle Age
30:09 Double-Bit Axe
31:35 Fletching
33:34 Hand Cart
33:59 Caravan
35:28 Bodkin Arrow
35:18 Elite Skirmisher
38:44 Padded Archer Armor
39:10 Bow Saw
XTof
8:36 Loom
14:52 Feudal Age
16:12 Horse Collar
16:21 Double-Bit Axe
19:13 Wheelbarrow
21:20 Castle Age
20:15 Fletching
21:17 Scale Mail Armor
22:09 Forging
23:50 Squires
24:24 Bow Saw
25:06 Hand Cart
26:26 Chain Mail Armor
26:46 Iron Casting
27:20 Ballistics
28:01 Chemistry
27:17 Pikeman
29:12 Murder Holes
29:45 Heavy Plow
31:50 Iron Casting
31:43 Sanctity
31:41 Wagenburg Tactics
34:08 Redemption
34:14 Fervor
39:19 Imperial Age
37:05 Elite Skirmisher
40:11 Elite Hussite Wagon
40:58 Hussite Reforms
41:04 Halberdier
43:16 Plate Mail Armor
43:47 Blast Furnace
43:53 Conscription
45:05 Blast Furnace
50:33 Siege Engineers
50:04 Cavalier
Connection lost

Rejoining the realm…

Still unreachable

The connection could not be restored.

Session expired

The server has moved on; the page needs a fresh start.